 BcadrenCrawl: Boulder Brew version 0.04.2-15-ge27eb88979 (webtiles) character file.

Game seed: 7201335458359269400, levelgen mode: deterministic

908 diana the Bolt Thrower (level 8, -9/49 HPs) Kobold Hunter. Began on May 15, 2021. Mangled by a crocodile (18 damage) ... on level 2 of the Dungeon. The game lasted 00:04:41 (1949 turns).

diana the Bolt Thrower (Kobold Hunter)              Turns: 1949, Time: 00:04:43

Health: -9/49      AC:  9    Str:  9    XL:     8 ^: 681
Magic:  8/8        EV: 18    Int: 13    God:
Gold:   194        SH:  0    Dex: 17    Spells: 7/7 levels left

rFire    . . .     Vision   .   a - +1 hand crossbow
rCold    . . .     Gourm    .   b - +0 short sword
rNeg     . . .     Faith    .   c - +0 leather armour
rPois    .         Spirit   .   n - +2 helmet
rElec    .         Reflect  .   e - +2 cloak
rCorr    .         Harm     .   (no gloves)
MR       .....                  (no boots)
Stlth    ++........             (no amulet)
HPRegen  0.26/turn              f - ring of slaying
MPRegen  0.18/turn              (no ring)

@: no status effects
A: small, carnivore
a: no special abilities


You were on level 2 of the Dungeon.
You were near starving.

You visited 1 branch of the dungeon, and saw 2 of its levels.

You collected 194 gold pieces.

Inventory:

Weapons
 a - a +1 hand crossbow (weapon)
 b - a +0 short sword (weapon)
Armour
 c - a +0 leather armour (worn)
 e - a +2 cloak (worn)
 n - a +2 helmet (worn)
Jewellery
 f - a ring of slaying (left hand)
Scrolls
 h - 3 scrolls of blinking
 i - 3 scrolls of magic mapping
Potions
 g - a potion of agility
 k - 3 potions of brilliance
Comestibles
 d - 3 rations


   Skills:
 + Level 5.3 Fighting
 + Level 5.0 Short Blades
 + Level 7.2 Crossbows
 + Level 5.8 Dodging
 - Level 1.3 Stealth


You had 7 spell levels left.
You didn't know any spells.
Your spell library was empty.

Dungeon Overview and Level Annotations

Branches:
Dungeon (2/8)

Altars:

Annotations:
D:2 Prince Ribbit


Innate Abilities, Weirdness & Mutations

You are small and have problems with some larger weapons.
You are carnivorous and can eat meat at any time.


Message History

You shoot a bolt.
The bolt stabs through the crocodile but does no damage.
The crocodile is healthy. (27/27) HP
Aiming:
a - a +1 hand crossbow, Range: 4 (100%)
Press: ? - help, Shift-Dir - straight line, f/p - crocodile
Aim: a crocodile (healthy (27/27))
You shoot a bolt.
The bolt pierces through the crocodile (11)!
The crocodile is heavily wounded. (16/27) HP Prince Ribbit blinks!
Aiming:
a - a +1 hand crossbow, Range: 2 (50%)
Press: ? - help, Shift-Dir - straight line, f/p - crocodile
Aim: a submerged crocodile (water, heavily wounded (16/27))
You shoot a bolt.
The bolt pierces through the crocodile (10)!
The crocodile is severely wounded. (6/27) HP The slimehead bites the withered plant (12)!
The withered plant is destroyed!
The crocodile bites you (18)!!
You die...

###≈####.≈≈..≈≈≈###.≈.......##
##...##.≈≈≈≈.≈≈#.≈#........≈#
#≈.≈≈≈#.≈≈≈≈≈.≈#.≈#.........#
#######≈≈≈≈≈≈≈.####≈[.....?#####
####≈≈≈≈≈≈≈.#.≈##......≈#.#.≈
#.;≈≈≈≈≈≈≈≈....#≈......##≈...
##.#..≈≈≈≈.≈.≈.#≈#≈≈.≈.≈≈.≈..
###...P≈≈≈≈≈.###############..
#≈.≈#.P≈≈≈..≈@..)≈≈≈≈≈.≈≈.....
#..##.≈;≈..≈..t≈≈≈)≈≈≈≈≈≈≈≈...
#...#≈≈≈.≈≈≈)..≈≈≈≈≈≈≈≈≈≈≈≈..#
##.##≈≈≈≈≈≈..).≈≈≈≈≈≈≈)≈≈≈≈.≈#
#≈###≈P≈≈P≈≈.#≈≈≈≈≈≈≈≈≈≈≈..≈##
##≈≈#P≈≈≈≈≈P)######F≈≈≈≈≈≈≈.#≈
## ###..P≈≈≈≈≈..# ##≈≈≈≈≈≈≈≈≈.#.
.### #≈≈.≈≈≈≈≈≈)≈#
#≈≈≈≈§≈≈≈≈≈≈#.
≈.≈#####≈≈≈≈≈≈≈).#
#≈≈≈≈t≈≈≈≈≈≈#.


You could see a crocodile, a bullfrog (wandering) and a neutral slimehead
(wandering) (passive).

Vanquished Creatures
  2 big kobolds (D:2)
  Blork the orc (D:2)
  2 jellies (D:2)
  8 giant cockroaches
  4 adders (D:2)
  35 sewer rats
  2 worms (D:2)
  13 cinder newts
  2 oozes (D:2)
  A dart slug (D:1)
  9 leopard geckos
  6 ball pythons
  5 bats (D:1)
  2 cinder newt skeletons (D:2)
  5 goblins (D:1)
  A hobgoblin (D:1)
  A goblin skeleton (D:2)
  A hobgoblin skeleton (D:2)
  20 kobolds
  2 kobold skeletons (D:2)
  An orc skeleton (D:2)
  3 rats (D:1)
  9 withered plants (D:2)
135 creatures vanquished.

Vanquished Creatures (others)
  A kobold (D:2)
  2 slimeheads (D:2)
  95 withered plants (D:2)
98 creatures vanquished.

Grand Total: 233 creatures vanquished

Notes
Turn   | Place    | Note
-------+----------+-------------------------------------------
     0 | D:1      | diana the Kobold Hunter began the quest for the Orb.
     0 | D:1      | Reached XP level 1. HP: 12/12 MP: 1/1
    58 | D:1      | Reached skill level 5 in Crossbows
    58 | D:1      | Reached XP level 2. HP: 18/18 MP: 2/2
    62 | D:1      | Reached skill level 1 in Short Blades
   167 | D:1      | Reached XP level 3. HP: 22/22 MP: 3/3
   236 | D:1      | Reached XP level 4. HP: 27/27 MP: 4/4
   552 | D:2      | Reached XP level 5. HP: 32/32 MP: 5/5
   822 | D:2      | Reached XP level 6. HP: 37/37 MP: 6/6
   824 | D:2      | Reached skill level 6 in Crossbows
   847 | D:2      | Noticed Blork the orc
   858 | D:2      | Killed Blork the orc
   875 | D:2      | Reached XP level 7. HP: 39/43 MP: 7/7
   979 | D:2      | Reached skill level 5 in Dodging
  1488 | D:2      | Reached XP level 8. HP: 48/48 MP: 8/8
  1491 | D:2      | Reached skill level 5 in Fighting
  1496 | D:2      | Reached skill level 7 in Crossbows
  1743 | D:2      | Reached skill level 5 in Short Blades
  1935 | D:2      | Noticed Prince Ribbit
  1949 | D:2      | Mangled by a crocodile

Levels and vault maps discovered:
D:1:      scummos_arrival_hexagon, layout_basic, corexii_leaking_fountain
D:2:      layout_sewer, minitemple, sewer_frog_pond, uniq_blork_the_orc

Skill      XL: |  1  2  3  4  5  6  7  8 |
---------------+-------------------------+-----
Crossbows      | 5 6 7 |  7.2
Short Blades   | 1 2 3 4 5 |  5.0
Dodging        | 3 4 5 |  5.8
Fighting       | 3 4 5 |  5.3
Stealth        | |  1.3

Action                   |  1- 3 |  4- 6 |  7- 9 || total
-------------------------+-------+-------+-------++-------
Melee: Short sword       |     4 |    67 |   130 ||   201
 Fire: Hand crossbow     |    36 |    58 |    85 ||   179
  Use: Scroll            |       |       |     1 ||     1
  Eat: Chunk             |       |       |     2 ||     2
Armor: Leather armour    |       |    16 |    31 ||    47
Dodge: Dodged            |     1 |   107 |   223 ||   331
